 Dungeon Crawl Stone Soup version 0.31-a0-188-g5e087ee2ca (webtiles) character file.

Game seed: 9699755336823832836

214 qw the Skirmisher (level 5, -3/29 HPs)
             Began as a Deep Elf Hunter on June 23, 2023.
             Succumbed to an orc wizard's poison
             ... on level 4 of the Dungeon.
             The game lasted 00:01:02 (2476 turns).

qw the Skirmisher (Deep Elf Hunter)                 Turns: 2476, Time: 00:01:03

Health: -3/29      AC:  5    Str: 10    XL:     5   Next: 60%
Magic:  7/7        EV: 12    Int: 14    God:
Gold:   101        SH:  0    Dex: 18    Spells: 4/4 levels left

rFire   . . .        Y - +0 shortbow
rCold   . . .        (shield currently unavailable)
rNeg    . . .        c - +0 leather armour
rPois   .            j - +0 helmet
rElec   .            (no cloak)
rCorr   .            a - +0 pair of gloves
SInv    .            (no boots)
Will    .....        (no amulet)
Stlth   ++           (no ring)
HPRegen 0.24/turn    (no ring)
MPRegen 0.10/turn

%: no passive effects
@: lethally poisoned (-3 -> -29)
A: no striking features
a: no special abilities


You were on level 4 of the Dungeon.
You visited 1 branch of the dungeon, and saw 4 of its levels.

You collected 255 gold pieces.
You spent 154 gold pieces at shops.


   Skills:
 - Level 1.5 Fighting
 - Level 9.1 Ranged Weapons
 + Level 2.5 Dodging
 - Level 1.2 Stealth


You had 4 spell levels left.
You didn't know any spells.
Your spell library was empty.

Inventory:

Hand Weapons
 Y - a +0 shortbow (weapon)
Armour
 a - a +0 pair of gloves (worn)
 c - a +0 leather armour (worn)
 e - a +0 ring mail
 j - a +0 helmet (worn)
Scrolls
 b - a scroll of identify
Potions
 d - a potion of cancellation
 f - a potion of heal wounds
 g - a potion of brilliance {unknown}
 h - 3 potions of curing
 i - a potion of attraction {unknown}

Dungeon Overview and Level Annotations

Branches:
Dungeon (4/15)
 Temple: D:4-7

Altars:

Shops:
D:3 !


Message History

2455 ||| STILL FLEEEEING.
2456 ||| STILL FLEEEEING.
2457 ||| STILL FLEEEEING.
2458 ||| STILL FLEEEEING.
2459 ||| STILL FLEEEEING.
2460 ||| STILL FLEEEEING.
2461 ||| STILL FLEEEEING.
2462 ||| STILL FLEEEEING.
You shoot an arrow. You shoot an arrow. You shoot an arrow. You shoot an arrow.
You are confused.
You shoot an arrow. You shoot an arrow. You shoot an arrow. You shoot an arrow.
Something hits you.
You are poisoned.
You shoot an arrow.
You feel less confused.
You feel very sick. Something hits you but does no damage.
You shoot an arrow.
You feel sick. Something hits you but does no damage.
You are more poisoned.
You shoot an arrow.
You feel very sick.
You hear some strange, mumbled words.
Something tries to affect you, but you resist.
You shoot an arrow.
You feel very sick. Something hits you.
You are more poisoned.
You shoot an arrow.
You feel very sick. Something hits you but does no damage.
You are more poisoned.
You shoot an arrow.
You die...

....#######....#...'......#
....#....(#....#...#......######
....#.....#....#...#...)..{.....
....#.....'....#...#...)........
....#.....#....#...#............
....#####+#....#...#............
...............#...#.......#+###
...............#{..#.......#
####...........#@..#.......#
...#...........'...#.......#
...'...........#)..#
...#...........#...#
...########....#...# ....#
#....#...# ....# #....#...#
...## #....#...# #.## #....#...#


There were no monsters in sight!

Vanquished Creatures
  An ogre (D:4)
  A hound (D:3)
  2 adders
  3 worms
  4 dart slugs
  3 orcs (D:4)
  12 ball pythons
  5 endoplasms
  4 giant cockroaches
  8 goblins
  A hobgoblin (D:1)
  3 quokkas
  5 bats
  2 frilled lizards
  7 kobolds
  10 rats
71 creatures vanquished.

Notes
Turn   | Place    | Note
-------+----------+-------------------------------------------
     0 | D:1      | qw the Deep Elf Hunter began the quest for the Orb.
     0 | D:1      | Reached XP level 1. HP: 12/12 MP: 3/3
     0 | D:1      | 0 ||| qw: Version: 0.3-a-9-g12657ce
     0 | D:1      | 0 ||| qw: Game counter: 3482
     0 | D:1      | 0 ||| qw: Always use a shield: true
     0 | D:1      | 0 ||| qw: God list: Okawaru
     0 | D:1      | 0 ||| qw: Allow faded altars: false
     0 | D:1      | 0 ||| qw: Do Orc after D:15 true
     0 | D:1      | 0 ||| qw: Do second Lair branch before Depths: true
     0 | D:1      | 0 ||| qw: Lair rune preference: random
     0 | D:1      | 0 ||| qw: Plans: Normal
     0 | D:1      | 0 ||| PLANNING D:1-11
   300 | D:1      | Reached skill level 6 in Ranged Weapons
   300 | D:1      | Reached XP level 2. HP: 16/16 MP: 4/4
   788 | D:1      | 788 ||| READING scroll labelled KEDAGA USKEWN.
   789 | D:1      | 789 ||| DROPPING scroll of butterflies.
   819 | D:2      | Reached XP level 3. HP: 20/20 MP: 5/5
   921 | D:2      | 921 ||| FLEEEEING.
   922 | D:2      | 922 ||| FLEEEEING.
   923 | D:2      | 923 ||| FLEEEEING.
   989 | D:2      | Reached skill level 7 in Ranged Weapons
  1248 | D:2      | Reached XP level 4. HP: 25/25 MP: 6/6
  1345 | D:2      | Found a faded altar of an unknown god.
  1476 | D:2      | 1476 ||| UPGRADING to +0 helmet.
  1481 | D:2      | 1481 ||| READING scroll labelled ZUPERCHI BUGYO.
  1482 | D:2      | 1482 ||| READING 2 scrolls labelled LOCWERANOM.
  1483 | D:2      | 1483 ||| READING scroll labelled GARCHEM SOTUGOU.
  1484 | D:2      | 1484 ||| DRINKING 2 dark potions.
  1485 | D:2      | 1485 ||| DROPPING potion of degeneration.
  1544 | D:3      | Found Bautol's Distillery.
  1567 | D:3      | 1567 ||| BUYING potion of cancellation (88 gold).
  1567 | D:3      | Bought a potion of cancellation for 88 gold pieces
  1567 | D:3      | 1567 ||| BUYING potion of curing (33 gold).
  1567 | D:3      | Bought a potion of curing for 33 gold pieces
  1567 | D:3      | 1567 ||| BUYING potion of curing (33 gold).
  1567 | D:3      | Bought a potion of curing for 33 gold pieces
  1567 | D:3      | 1567 ||| SHOPLISTING potion of heal wounds (55 gold, have
                  | 33).
  1567 | D:3      | 1567 ||| SHOPLISTING potion of mutation (88 gold, have 33).
  2014 | D:3      | 2014 ||| UPGRADING to +0 pair of gloves.
  2019 | D:3      | 2019 ||| READING scroll labelled VALIDACVOU.
  2020 | D:3      | 2020 ||| READING scroll labelled XAMIOF GUECI.
  2021 | D:3      | 2021 ||| READING 2 scrolls of identify.
  2021 | D:3      | 2021 ||| IDENTIFYING orange potion
  2023 | D:3      | 2023 ||| Stepping ~*~*~tactically~*~*~ (cloud).
  2031 | D:3      | HP: 6/25 [poisoned by you (poison gas)]
  2137 | D:4      | 2137 ||| STAIRDANCE
  2149 | D:3      | Reached skill level 8 in Ranged Weapons
  2358 | D:4      | Noticed an ogre
  2366 | D:4      | Killed an ogre
  2367 | D:4      | Reached skill level 9 in Ranged Weapons
  2367 | D:4      | Reached XP level 5. HP: 14/29 MP: 7/7
  2450 | D:4      | 2450 ||| FLEEEEING.
  2451 | D:4      | 2451 ||| FLEEEEING.
  2452 | D:4      | 2452 ||| FLEEEEING.
  2453 | D:4      | 2453 ||| FLEEEEING.
  2475 | D:4      | HP: 3/29 [poisoned by an orc wizard]
  2476 | D:4      | Succumbed to an orc wizard's poison

Levels and vault maps discovered:
D:1:      giann_horns, layout_basic
D:2:      layout_basic, hellmonk_ecumenical_altar_run_dry, minmay_cupped
D:3:      layout_rooms, serial_shops, shop
D:4:      layout_gridville, minmay_misc_feat_ornament, grunt_ministairs_4

Skill      XL: |  1  2  3  4 |
---------------+-------------+-----
Ranged Weapons | 6 7 9 |  9.1
Fighting       | |  1.5
Dodging        | |  2.5
Stealth        | |  1.2

Action                     |  1- 3 |  4- 6 || total
---------------------------+-------+-------++-------
   Fire: Shortbow          |   130 |    88 ||   218
    Use: Scroll            |     1 |     6 ||     7
         Potion            |       |     1 ||     1
 Armour: Leather armour    |    10 |    11 ||    21
  Dodge: Dodged            |    21 |    16 ||    37

Table legend:
 A = Non-vault XP
 B = Vault XP
 C = Vault XP percentage of total XP
 D = Non-vault monster count
 E = Vault monster count
 F = Vault count percentage of total count
                 A         B        C        D         E       F
            +---------+---------+-------+---------+---------+-------
      Total |     259 |      48 |  15.6 |      67 |       4 |   5.6
            +---------+---------+-------+---------+---------+-------
        D:1 |      38 |       0 |   0.0 |      21 |       0 |   0.0
        D:2 |      58 |       8 |  12.1 |      26 |       3 |  10.3
        D:3 |      31 |      40 |  56.3 |      14 |       1 |   6.7
        D:4 |     132 |       0 |   0.0 |       6 |       0 |   0.0
            +---------+---------+-------+---------+---------+-------
